AoeStats
← MNYMan

Oasis

507428222Analyzed
4v4 RM · 14d ago on Sep 18, 2026· 55m 27s· 8 players
Game mode
Random Map
Map size
Large (8 player)
Population
200
Speed
Normal
Resources
Standard
Victory
Conquest
Starting age
Dark Age
Ending age
Imperial Age
RankedLock teamsTeams togetherTeam positionsShared explorationLock speedFull tech treeHidden civsTurbo modeCheats
Victory
Defeat
🇲🇽 Khmer · Mexico
1043
+14
🇻🇳 Huns · Vietnam
1025
+15
🇺🇸 Vikings · United States
1010
+16
🇨🇳 Magyars · China
1009
+15
🇺🇸 Huns · United States
997
-15
🇺🇸 Huns · United States
996
-15
🇺🇸 Huns · United States
996
-15
🇺🇸 Huns · United States
996
-15
Soimeomeo
11:47 Feudal Age
14:06 Double-Bit Axe
16:29 Castle Age
17:34 Bow Saw
BLOO
8:08 Loom
10:54 Feudal Age
15:34 Fletching
16:52 Double-Bit Axe
22:26 Castle Age
20:45 Scale Mail Armor
20:33 Horse Collar
21:17 Town Watch
23:20 Bow Saw
23:15 Heavy Plow
23:27 Bodkin Arrow
22:56 Crossbowman
22:58 Pikeman
25:37 Chain Mail Armor
34:22 Imperial Age
33:05 Chieftains
33:43 Squires
34:27 Fortified Wall
34:36 Forging
35:01 Masonry
36:12 Gold Mining
37:04 Plate Mail Armor
38:08 Conscription
37:42 Arson
37:35 Elite Berserk
40:56 Two-Man Saw
39:39 Capped Ram
41:04 Iron Casting
41:04 Siege Ram
45:28 Caravan
46:08 Crop Rotation
Gonnar
0:30 Loom
12:31 Feudal Age
16:54 Castle Age
33:14 Imperial Age
31:04 Double-Bit Axe
32:52 Stone Mining
32:44 Horse Collar
32:57 Gold Mining
37:04 Chemistry
36:52 Fortified Wall
39:58 Conscription
39:48 Husbandry
40:01 Bloodlines
40:16 Bow Saw
42:34 Ballistics
44:18 Wheelbarrow
44:30 Double Crossbow
45:10 Scale Barding Armor
44:58 Fletching
46:11 Hand Cart
46:53 Chain Barding Armor
48:59 Elite Ballista Elephant
51:11 Caravan
52:41 Plate Barding Armor
55:20 Bodkin Arrow
1847373944
8:11 Loom
13:19 Feudal Age
18:59 Scale Barding Armor
19:54 Wheelbarrow
21:39 Bloodlines
27:15 Castle Age
25:59 Double-Bit Axe
26:46 Horse Collar
27:06 Gold Mining
29:02 Husbandry
29:59 Scale Mail Armor
32:57 Chain Barding Armor
34:35 Bow Saw
36:08 Corvinian Army
35:55 Light Cavalry
37:40 Gold Shaft Mining
39:54 Imperial Age
40:07 Imperial Age
38:57 Hand Cart
40:26 Cavalier
41:31 Conscription
43:44 Two-Man Saw
42:50 Heavy Plow
44:05 Plate Barding Armor
46:35 Crop Rotation
47:43 Paladin
Caustic
10:24 Feudal Age
11:28 Feudal Age
12:50 Loom
15:50 Castle Age
20:09 Wheelbarrow
19:59 Horse Collar
21:10 Double-Bit Axe
22:52 Heavy Plow
24:55 Scale Barding Armor
26:02 Gold Mining
26:31 Bow Saw
28:13 Hand Cart
28:11 Husbandry
28:22 Bloodlines
28:29 Town Watch
29:08 Chain Barding Armor
30:13 Forging
31:37 Thumb Ring
31:33 Padded Archer Armor
31:24 Fletching
35:05 Imperial Age
33:43 Iron Casting
33:55 Gold Shaft Mining
33:10 Stone Mining
33:24 Town Patrol
36:06 Conscription
36:46 Plate Barding Armor
37:12 Blast Furnace
36:40 Cavalier
37:44 Paladin
42:36 Two-Man Saw
MNYMan
10:27 Feudal Age
11:00 Double-Bit Axe
16:35 Castle Age
16:17 Stone Mining
19:18 Loom
26:20 Wheelbarrow
25:30 Town Watch
26:37 Wheelbarrow
25:48 Town Watch
26:34 Gold Mining
27:57 Gold Shaft Mining
28:16 Marauders
28:23 Scale Barding Armor
28:29 Forging
29:44 Hand Cart
30:30 Town Patrol
31:52 Chain Barding Armor
32:57 Iron Casting
33:16 Husbandry
33:27 Bloodlines
35:08 Bow Saw
34:51 Horse Collar
38:56 Heavy Plow
42:32 Imperial Age
42:41 Cavalier
43:55 Elite Tarkan
44:57 Atheism
45:05 Atheism
46:42 Conscription
45:52 Sappers
Bobby9000
10:16 Feudal Age
14:21 Scale Barding Armor
14:31 Forging
14:15 Double-Bit Axe
25:08 Wheelbarrow
29:07 Horse Collar
Wushi
11:26 Feudal Age
12:54 Loom
15:21 Castle Age
13:43 Double-Bit Axe
14:27 Horse Collar
18:48 Bow Saw
23:09 Heavy Plow
27:14 Wheelbarrow
28:02 Scale Barding Armor
28:21 Gold Mining
29:39 Chain Barding Armor
29:30 Forging
31:05 Hand Cart
30:46 Fletching
32:01 Gold Shaft Mining
31:36 Bodkin Arrow
33:34 Town Watch
33:21 Light Cavalry
34:12 Bloodlines
34:02 Husbandry
34:41 Iron Casting
37:38 Imperial Age
35:26 Thumb Ring
35:20 Stone Mining
36:09 Town Patrol
39:17 Plate Barding Armor
38:43 Bracer
39:19 Heavy Cavalry Archer
42:58 Blast Furnace
42:48 Ballistics
43:29 Chemistry
42:36 Hussar
Connection lost

Rejoining the realm…

Still unreachable

The connection could not be restored.

Session expired

The server has moved on; the page needs a fresh start.